 Dungeon Crawl Stone Soup version 0.31-a0-210-gccc998df9b (webtiles) character file.

Game seed: 3060225478699037678

1913 qw the Cleaver (level 9, 0/55 HPs)
             Began as a Gargoyle Fighter on June 30, 2023.
             Slain by a swamp worm (9 damage)
             ... on level 7 of the Dungeon.
             The game lasted 00:02:39 (5829 turns).

qw the Cleaver (Gargoyle Fighter)                   Turns: 5829, Time: 00:02:39

Health: 0/55       AC: 19    Str: 23    XL:     9   Next: 16%
Magic:  9/9        EV:  8    Int: 10    God:
Gold:   238        SH:  9    Dex:  9    Spells: 8/8 levels left

rFire   . . .        Y - +0 war axe (chaos)
rCold   . . .        c - +0 buckler
rNeg    + + .        a - +0 chain mail
rPois   inf          (no helmet)
rElec   +            o - +0 cloak
rCorr   .            s - +1 pair of gloves
SInv    .            (no boots)
Will    .....        h - amulet of reflection Stlth
                     g - ring of positive energy
HPRegen 0.29/turn    (no ring)
MPRegen 0.11/turn

%: reflection
@: no status effects
A: sickness immunity, AC +6, negative energy resistance 1, electricity
resistance, torment resistance 1, petrification resistance
a: no special abilities


You were on level 7 of the Dungeon.
You visited 1 branch of the dungeon, and saw 7 of its levels.

You collected 238 gold pieces.


Innate Abilities, Weirdness & Mutations

You are immune to sickness and miasma.
Your stone body is resilient. (AC +6)
You are immune to poison.
You resist negative energy. (rN+)
You are resistant to electric shocks. (rElec)
You are resistant to unholy torment.
You are immune to petrification.


   Skills:
 + Level 6.2 Fighting
 - Level 9.1 Axes
 - Level 1.0 Throwing
 - Level 4.1 Armour
 - Level 1.0 Dodging
 - Level 4.4 Shields


You had 8 spell levels left.
You didn't know any spells.
Your spell library was empty.

Inventory:

Hand Weapons
 f - a +0 hand axe
 q - a +0 morningstar
 Y - a +0 war axe of chaos (weapon)
Missiles
 e - 6 boomerangs (quivered)
Armour
 a - a +0 chain mail (worn)
 c - a +0 buckler (worn)
 o - a +0 cloak (worn)
 s - a +1 pair of gloves (worn)
Jewellery
 b - an amulet of the acrobat
 g - a ring of positive energy (left hand)
 h - an amulet of reflection (around neck)
 l - a ring of ice
Scrolls
 k - a scroll of identify
Potions
 d - 4 potions of might
 i - 2 potions of haste
 m - a potion of lignification {unknown}
 n - a potion of enlightenment {unknown}

Dungeon Overview and Level Annotations

Branches:
Dungeon (7/15)
 Temple: D:4-7

Altars:
Hepliaklqana
Makhleb
Uskayaw
Xom
The Shining One

Annotations:
D:5 3 runed translucent doors, Crazy Yiuf


Message History

5825 ||| Stepping ~*~*~tactically~*~*~ (water).
The swamp worm attacks as you move away!
The swamp worm barely misses you.
The swamp worm fires a harpoon shot at you.
The harpoon shot misses you.
The swamp worm fires a harpoon shot at you.
The harpoon shot hits you but does no damage.
The swamp worm fires a harpoon shot at you.
The harpoon shot hits you.
You are yanked forward by the harpoon shot.
Splash!
You fall into the shallow water.
Moving in this stuff is going to be slow.
You block the scorpion's attack. The swamp worm bites you! x2
5826 ||| Stepping ~*~*~tactically~*~*~ (water).
The swamp worm attacks as you move away!
The swamp worm bites you!
The swamp worm bites you but does no damage.
You completely miss the swamp worm.
The swamp worm is moderately wounded.
You hit the swamp worm but do no damage.
You barely miss the swamp worm.
The swamp worm bites you but does no damage.
You block the swamp worm's attack.
The swamp worm bites you but does no damage.
You barely miss the swamp worm.
The swamp worm is moderately wounded.
You closely miss the swamp worm. You slash the swamp worm!
You burn the swamp worm.
The swamp worm bites you but does no damage.
You block the swamp worm's attack. The swamp worm bites you.
You block the swamp worm's attack.
You slice the swamp worm!!
The swamp worm is almost dead.
You miss the swamp worm. You hit the swamp worm.
The swamp worm blinks!
The swamp worm bites you. You block the swamp worm's attack.
The swamp worm bites you but does no damage.
The swamp worm bites you!
You die...

### ## ## #..
..#
#...###.####..##
###
#.....w.......
..# #@w~~~~..#
#.# #ws~~~~~..
#.# ##~~~~P~~..
#.# ##~~##~##~~.
####.## #~~~#
~~#~~~ #......
#.##~~##
~##~~##.##.##
#.##~~#
~~#~~.#.##...
#.##~~##
##~~.#.####.
#.##~~~#
#~~~.#.####.


You could see 3 swamp worms and a scorpion.

Vanquished Creatures
  Grinder (D:3)
  Sigmund (D:6)
  A wyvern (D:6)
  Edmund (D:4)
  An ice beast (D:5)
  An orc warrior (D:6)
  Duvessa (D:4)
  2 black bears (D:5)
  Blork the orc (D:4)
  A scorpion (D:5)
  Dowan (D:4)
  A howler monkey (D:6)
  2 hounds (D:4)
  3 jellies
  A sleepcap (D:4)
  4 orc priests
  An iguana (D:5)
  2 orc wizards (D:5)
  10 gnolls
  5 adders
  A white imp (D:5)
  2 worms
  2 dart slugs
  17 orcs
  6 ball pythons
  9 endoplasms
  2 giant cockroaches
  10 hobgoblins
  3 jackals (D:1)
  3 quokkas
  5 bats
  3 frilled lizards
  2 goblins
  5 kobolds
  7 rats
118 creatures vanquished.

Notes
Turn   | Place    | Note
-------+----------+-------------------------------------------
     0 | D:1      | qw the Gargoyle Fighter began the quest for the Orb.
     0 | D:1      | Reached XP level 1. HP: 14/14 MP: 1/1
     0 | D:1      | 0 ||| qw: Version: 0.3-a-26-gee661ec
     0 | D:1      | 0 ||| qw: Game counter: 7243
     0 | D:1      | 0 ||| qw: Melee chars always use a shield: true
     0 | D:1      | 0 ||| qw: God list: Okawaru
     0 | D:1      | 0 ||| qw: Allow faded altars: false
     0 | D:1      | 0 ||| qw: Do Orc after clearing Dungeon:15 true
     0 | D:1      | 0 ||| qw: Do second Lair branch before Depths: true
     0 | D:1      | 0 ||| qw: Lair rune preference: random
     0 | D:1      | 0 ||| qw: Goals: Normal, Zot:1-4, Slime:5, God:TSO, Crypt,
                  | Tomb, Abyss, Pan, Hells, Win
     0 | D:1      | 0 ||| PLANNING D:1-11
   174 | D:1      | Reached skill level 2 in Axes
   259 | D:1      | Reached XP level 2. HP: 19/19 MP: 2/2
   710 | D:1      | Reached skill level 3 in Axes
   715 | D:1      | 715 ||| Stepping ~*~*~tactically~*~*~ (stealth).
   716 | D:1      | 716 ||| Stepping ~*~*~tactically~*~*~ (stealth).
   725 | D:1      | Reached XP level 3. HP: 22/23 MP: 3/3
  1047 | D:1      | 1047 ||| UPGRADING to ring of positive energy.
  1048 | D:1      | 1048 ||| READING scroll labelled CYANOO LOATYH.
  1352 | D:2      | 1352 ||| Stepping ~*~*~tactically~*~*~ (stealth).
  1380 | D:2      | Reached XP level 4. HP: 28/28 MP: 4/4
  1552 | D:2      | Reached skill level 4 in Axes
  1735 | D:2      | 1735 ||| READING 2 scrolls labelled NEOMEW QETWIKK.
  1736 | D:2      | 1736 ||| READING scroll labelled GIETTI GUEVA.
  1737 | D:2      | 1737 ||| READING scroll labelled ADUDDA CIONU.
  1740 | D:2      | 1740 ||| READING 2 scrolls labelled QIARCH TACKEO.
  1741 | D:2      | 1741 ||| DRINKING 3 dark potions.
  1742 | D:2      | 1742 ||| DROPPING scroll of fear.
  1791 | D:3      | 1791 ||| Stepping ~*~*~tactically~*~*~ (hiding).
  1904 | D:3      | Noticed Grinder
  1912 | D:3      | Paralysed by Grinder for 5 turns
  1920 | D:3      | Killed Grinder
  1921 | D:3      | Reached skill level 5 in Axes
  1921 | D:3      | Reached XP level 5. HP: 13/32 MP: 5/5
  1921 | D:3      | Reached XP level 6. HP: 15/37 MP: 6/6
  2023 | D:3      | HP: 1/37 [orc priest/divine providence (11)]
  2024 | D:3      | 2024 ||| DRINKING 2 potions of heal wounds.
  2059 | D:3      | 2059 ||| FLEEEEING.
  2060 | D:3      | 2060 ||| FLEEEEING.
  2061 | D:3      | 2061 ||| FLEEEEING.
  2062 | D:3      | 2062 ||| FLEEEEING.
  2063 | D:3      | 2063 ||| FLEEEEING.
  2064 | D:3      | 2064 ||| FLEEEEING.
  2065 | D:3      | 2065 ||| FLEEEEING.
  2066 | D:3      | 2066 ||| STAIRDANCE
  2084 | D:2      | 2084 ||| DROPPING +0 mace.
  2085 | D:2      | 2085 ||| DRINKING 2 smoky ruby potions.
  2161 | D:3      | 2161 ||| Stepping ~*~*~tactically~*~*~ (stealth).
  2251 | D:3      | 2251 ||| Stepping ~*~*~tactically~*~*~ (hiding).
  2254 | D:3      | 2254 ||| Stepping ~*~*~tactically~*~*~ (hiding).
  2271 | D:3      | Reached skill level 1 in Dodging
  2544 | D:3      | 2544 ||| UPGRADING to +0 chain mail.
  2554 | D:3      | 2554 ||| DROPPING +0 scale mail.
  2555 | D:3      | 2555 ||| UPGRADING to +0 cloak.
  2618 | D:4      | Noticed Blork the orc
  2619 | D:4      | 2619 ||| FLEEEEING.
  2620 | D:4      | 2620 ||| FLEEEEING.
  2621 | D:4      | 2621 ||| FLEEEEING.
  2622 | D:4      | 2622 ||| FLEEEEING.
  2623 | D:4      | 2623 ||| FLEEEEING.
  2624 | D:4      | 2624 ||| FLEEEEING.
  2625 | D:4      | 2625 ||| FLEEEEING.
  2634 | D:4      | 2634 ||| Stepping ~*~*~tactically~*~*~ (hiding).
  2643 | D:4      | Killed Blork the orc
  2644 | D:4      | Reached skill level 6 in Axes
  2644 | D:4      | Reached XP level 7. HP: 35/43 MP: 7/7
  2684 | D:4      | Identified the +3 arbalest of Bicunlu {elec, rPois Int+3}
  2694 | D:4      | 2694 ||| Stepping ~*~*~tactically~*~*~ (hiding).
  2833 | D:4      | Noticed Edmund
  2839 | D:4      | HP: 8/43 [Edmund/+1 heavy flail (9)]
  2840 | D:4      | 2840 ||| READING scroll of teleportation.
  2841 | D:4      | 2841 ||| DRINKING potion of heal wounds.
  3052 | D:4      | 3052 ||| Stepping ~*~*~tactically~*~*~ (hiding).
  3360 | D:4      | Noticed Dowan
  3361 | D:4      | Noticed Duvessa
  3362 | D:4      | 3362 ||| Stepping ~*~*~tactically~*~*~ (hiding).
  3363 | D:4      | 3363 ||| Stepping ~*~*~tactically~*~*~ (hiding).
  3364 | D:4      | 3364 ||| Stepping ~*~*~tactically~*~*~ (hiding).
  3365 | D:4      | 3365 ||| Stepping ~*~*~tactically~*~*~ (hiding).
  3366 | D:4      | 3366 ||| Stepping ~*~*~tactically~*~*~ (hiding).
  3377 | D:4      | Killed Dowan
  3384 | D:4      | Killed Duvessa
  3385 | D:4      | Reached skill level 7 in Axes
  3457 | D:4      | 3457 ||| Stepping ~*~*~tactically~*~*~ (stealth).
  3467 | D:4      | Killed Edmund
  3470 | D:4      | 3470 ||| DROPPING +0 flail.
  3536 | D:4      | 3536 ||| UPGRADING to amulet of reflection.
  3541 | D:4      | 3541 ||| READING scroll labelled LINYEW YMOL.
  3542 | D:4      | 3542 ||| READING scroll labelled PON CEERESHUTYIN.
  3543 | D:4      | 3543 ||| READING scroll labelled GIYPPI MOTYD.
  3581 | D:5      | Entered Level 5 of the Dungeon
  3613 | D:5      | Found a runed translucent door.
  3614 | D:5      | Noticed Crazy Yiuf
  3661 | D:5      | Reached skill level 1 in Throwing
  3661 | D:5      | Reached XP level 8. HP: 40/49 MP: 8/8
  4031 | D:5      | Reached skill level 8 in Axes
  4076 | D:5      | Found a runed translucent door.
  4078 | D:5      | Found a runed translucent door.
  4125 | D:5      | 4125 ||| Stepping ~*~*~tactically~*~*~ (stealth).
  4127 | D:5      | 4127 ||| Stepping ~*~*~tactically~*~*~ (hiding).
  4128 | D:5      | 4128 ||| Stepping ~*~*~tactically~*~*~ (hiding).
  4453 | D:5      | Reached skill level 6 in Fighting
  4771 | D:5      | 4771 ||| UPGRADING to +0 pair of gloves.
  4776 | D:5      | 4776 ||| READING scroll labelled RIECENO ORAGA.
  5004 | D:5      | 5004 ||| READING scroll labelled VEBRAE JYATS.
  5005 | D:5      | 5005 ||| DRINKING 2 smoky puce potions.
  5006 | D:5      | 5006 ||| READING 2 scrolls of identify.
  5006 | D:5      | 5006 ||| IDENTIFYING glowing cyan potion
  5007 | D:5      | 5007 ||| DROPPING potion of ambrosia.
  5089 | D:6      | Noticed Sigmund
  5091 | D:6      | 5091 ||| DRINKING potion of curing.
  5091 | D:6      | 5091 ||| (to cure confusion)
  5105 | D:6      | Killed Sigmund
  5126 | D:6      | 5126 ||| Stepping ~*~*~tactically~*~*~ (stealth).
  5128 | D:6      | 5128 ||| Stepping ~*~*~tactically~*~*~ (stealth).
  5139 | D:6      | Reached skill level 9 in Axes
  5139 | D:6      | Reached XP level 9. HP: 51/55 MP: 9/9
  5194 | D:6      | 5194 ||| Stepping ~*~*~tactically~*~*~ (stealth).
  5195 | D:6      | 5195 ||| Stepping ~*~*~tactically~*~*~ (stealth).
  5199 | D:6      | 5199 ||| Stepping ~*~*~tactically~*~*~ (stealth).
  5200 | D:6      | 5200 ||| Stepping ~*~*~tactically~*~*~ (stealth).
  5206 | D:6      | 5206 ||| Stepping ~*~*~tactically~*~*~ (hiding).
  5208 | D:6      | 5208 ||| Stepping ~*~*~tactically~*~*~ (hiding).
  5265 | D:6      | 5265 ||| Stepping ~*~*~tactically~*~*~ (stealth).
  5281 | D:6      | 5281 ||| DROPPING +1 heavy flail.
  5342 | D:6      | Found a glowing golden altar of the Shining One.
  5342 | D:6      | Found a shimmering altar of Xom.
  5351 | D:6      | Found a hide-covered altar of Uskayaw.
  5353 | D:6      | Found a burning altar of Makhleb.
  5355 | D:6      | Found a hazy altar of Hepliaklqana.
  5592 | D:6      | 5592 ||| UPGRADING to +1 pair of gloves.
  5602 | D:6      | 5602 ||| DROPPING +0 pair of gloves.
  5603 | D:6      | 5603 ||| READING scroll labelled PERREX JEFOF.
  5604 | D:6      | 5604 ||| READING scroll labelled RUTAXI SASO.
  5605 | D:6      | 5605 ||| READING 2 scrolls labelled ROUJ FASEUMM.
  5606 | D:6      | 5606 ||| DROPPING scroll of amnesia.
  5799 | D:7      | 5799 ||| Stepping ~*~*~tactically~*~*~ (water).
  5825 | D:7      | 5825 ||| Stepping ~*~*~tactically~*~*~ (water).
  5826 | D:7      | 5826 ||| Stepping ~*~*~tactically~*~*~ (water).
  5828 | D:7      | HP: 13/55 [swamp worm (2)]
  5829 | D:7      | Slain by a swamp worm

Levels and vault maps discovered:
D:1:      ncdulo_smallfort, layout_basic
D:2:      layout_basic
D:3:      layout_rooms, uniq_grinder
D:4:      minmay_skewed_foursquare, layout_cave_pools, uniq_blork_the_orc,
          uniq_duvessa, uniq_edmund
D:5:      lemuel_insect_pit, layout_basic, kennysheep_generic_room_15,
          uniq_crazy_yiuf_cottage
D:6:      layout_rooms, chequers_temple_overflow_minitemple, uniq_sigmund
D:7:      layout_loops_corners, minmay_temple_entry_nine_rooms, serial_shops,
          shop, worms_lemuel

Skill      XL: |  1  2  3  4  5  6  7  8  9 |
---------------+----------------------------+-----
Axes           | 2 3 5 6 7 9 |  9.1
Fighting       | 4 5 6 |  6.2
Dodging        | 1 |  1.0
Throwing       | 1 |  1.0
Armour         | 4 |  4.1
Shields        | 4 |  4.4

Action                     |  1- 3 |  4- 6 |  7- 9 || total
---------------------------+-------+-------+-------++-------
  Melee: War axe           |    62 |    65 |   184 ||   311
  Throw: Boomerang         |    57 |    33 |    63 ||   153
    Use: Scroll            |     1 |     4 |    10 ||    15
         Potion            |       |     3 |     3 ||     6
 Armour: Scale mail        |    39 |    50 |       ||    89
         Chain mail        |       |     1 |    83 ||    84
  Dodge: Dodged            |    30 |    42 |    41 ||   113
  Block: Buckler           |    12 |     9 |    65 ||    86

Table legend:
 A = Non-vault XP
 B = Vault XP
 C = Vault XP percentage of total XP
 D = Non-vault monster count
 E = Vault monster count
 F = Vault count percentage of total count
                 A         B        C        D         E       F
            +---------+---------+-------+---------+---------+-------
      Total |    1586 |    1148 |  42.0 |     104 |      14 |  11.9
            +---------+---------+-------+---------+---------+-------
        D:1 |      43 |       0 |   0.0 |      26 |       0 |   0.0
        D:2 |      63 |       0 |   0.0 |      15 |       0 |   0.0
        D:3 |     163 |     281 |  63.3 |      22 |       1 |   4.3
        D:4 |     112 |     518 |  82.2 |      10 |      10 |  50.0
        D:5 |     704 |     135 |  16.1 |      19 |       2 |   9.5
        D:6 |     459 |     214 |  31.8 |      11 |       1 |   8.3
        D:7 |      42 |       0 |   0.0 |       1 |       0 |   0.0
            +---------+---------+-------+---------+---------+-------
